AoeStats
← Warcanoe

Arabia

504970147Analyzed
1v1 RM · 25d ago on Sep 7, 2026· 21m 23s· 2 players
Game mode
Random Map
Map size
Tiny (2 player)
Population
200
Speed
Normal
Resources
Standard
Victory
Conquest
Starting age
Dark Age
Ending age
Imperial Age
RankedLock teamsTeams togetherTeam positionsShared explorationLock speedFull tech treeHidden civsTurbo modeCheats
Victory
Defeat
🇧🇷 Britons · Brazil
940
+15
🇨🇭 Franks · Switzerland
914
-15
Warcanoe
2:44 Loom
10:28 Feudal Age
11:56 Double-Bit Axe
18:36 Scale Barding Armor
19:53 Forging
Rocco
10:36 Feudal Age
11:04 Double-Bit Axe
14:59 Fletching
20:42 Wheelbarrow
Connection lost

Rejoining the realm…

Still unreachable

The connection could not be restored.

Session expired

The server has moved on; the page needs a fresh start.